cohdb
Replays
Latest Replays
All Replays
Popular Replays
Top Player Replays
Match Explorer
How It Works
Community
CoH3 Stats
Reddit
Sign in to upload your games and track your stats! →
Sign in with Steam
Match 31529664
Unlisted
Match 31529664
Overview
Messages
Build Orders
End
Kradschützen Motorcycle Team
Kradschützen Motorcycle Team
Selects Italian Infantry
Kradschützen Motorcycle Team
Panzergrenadier Squad
Panzergrenadier Squad
Selects Guastatori Squad
Selects L6/40 Light Tank Combat Group
L6/40 Light Tank Combat Group
Guastatori Squad
L6/40 Light Tank Combat Group
Guastatori Squad
Selects Towed Cannone da 105/28 Field Howitzer
Selects Defensive Operations
Construct Light Support Kompanie
Fire Support Elements
Pak 38 Mechanized Group
Construct Panzerarmee Kommand
ShuGuang
咸鱼光
lllllllll
ZP
UMirinBrah?
Draignn
Hevsik
Deep Abyss Inc.
0
0
Comments
sign in to comment!
No comments posted yet!